NCAA
MICHIGAN STATE SPARTANS @ CONNECTICUT HUSKIES
04/11/2023
 
TOP OF THE 1ST
Michigan State Spartans batting - Pitching for Connecticut Huskies : RHP Chris Chamberlain
Pitching: RHP Chris Chamberlain
Batting: RHB Mike Copeland 0-0: Called Strike
0-1: Ball
1-1: Ball
2-1: Ball
3-1: Base on Balls
Batting: LHB Troy Jackson 0-0: SINGLE (Groundball, 34D)
Mike Copeland to second
Runner from 2nd tries for 3rd, SAFE, no throw or cutoff
Batting: SHB Wayne Matthews 0-0: Called Strike
0-1: Foul Ball, location: 2F
0-2: Foul Ball, location: 2F
0-2: Ball
1-2: Fly out, F7 (Flyball, 7M)
1-2: Fly out, F7 (Flyball, 7M)
Batting: LHB Raúl Casillán 0-0: Called Strike
0-1: Ball
1-1: Ball
2-1: SINGLE (Line Drive, 7S)
Mike Copeland scores
Troy Jackson to second
Batting: LHB Billy Anderson 0-0: Ball
1-0: Ball
Troy Jackson is caught stealing 3rd base
Raúl Casillán to second
2-0: 2-RUN HOME RUN (Flyball, 9D), Distance : 361 ft
Batting: SHB Joe Hanson 0-0: Ball
1-0: Ball
2-0: Foul Ball, location: 2F
2-1: Foul Ball, location: 2F
2-2: Ball
3-2: Strikes out looking
Top of the 1st over - 3 run(s), 3 hit(s), 0 error(s), 0 left on base; Michigan State 3 - Connecticut 0
BOTTOM OF THE 1ST
Connecticut Huskies batting - Pitching for Michigan State Spartans : RHP Nick Blackburn
Pitching: RHP Nick Blackburn
Batting: RHB Jeff Manley 0-0: Foul Ball, location: 2F
0-1: Ball
1-1: Called Strike
1-2: Fly out, F4 (Popup, 4D)
Batting: RHB Blair Whitehead 0-0: Called Strike
0-1: Ball
1-1: Ground out 6-3 (Groundball, 6)
Batting: SHB Juan Román 0-0: Called Strike
0-1: Ball
1-1: DOUBLE (Line Drive, 5D)
Batting: RHB Michael Skinner 0-0: Fly out, F6 (Popup, 6D)
Bottom of the 1st over - 0 run(s), 1 hit(s), 0 error(s), 1 left on base; Michigan State 3 - Connecticut 0
TOP OF THE 2ND
Michigan State Spartans batting - Pitching for Connecticut Huskies : RHP Chris Chamberlain
Batting: RHB Juan García 0-0: Ball
1-0: Called Strike
1-1: Ground out U3 (Groundball, 3S)
Batting: RHB Donald Brampton 0-0: Called Strike
0-1: Ball
1-1: Ball
2-1: Ground out 6-3 (Groundball, 6)
Batting: RHB Jorge Carranza 0-0: Called Strike
0-1: Foul Ball, location: 2F
0-2: Strikes out looking
Top of the 2nd over - 0 run(s), 0 hit(s), 0 error(s), 0 left on base; Michigan State 3 - Connecticut 0
BOTTOM OF THE 2ND
Connecticut Huskies batting - Pitching for Michigan State Spartans : RHP Nick Blackburn
Batting: RHB Ric Henley 0-0: Called Strike
0-1: Ball
1-1: Fly out, F7 (Flyball, 78M)
Batting: RHB Rob Schmidt 0-0: Ground out 5-3 (Groundball, 56)
Batting: LHB Michael Myers 0-0: Ball
1-0: Called Strike
1-1: Foul Ball, location: 2F
1-2: Strikes out swinging
Bottom of the 2nd over - 0 run(s), 0 hit(s), 0 error(s), 0 left on base; Michigan State 3 - Connecticut 0
TOP OF THE 3RD
Michigan State Spartans batting - Pitching for Connecticut Huskies : RHP Chris Chamberlain
Batting: RHB Mike Copeland 0-0: Called Strike
0-1: Foul Ball, location: 2F
0-2: Strikes out swinging
Batting: LHB Troy Jackson 0-0: Called Strike
0-1: Fly out, F8 (Flyball, 8RM)
Batting: SHB Wayne Matthews 0-0: Fly out, F8 (Flyball, 8LM)
Top of the 3rd over - 0 run(s), 0 hit(s), 0 error(s), 0 left on base; Michigan State 3 - Connecticut 0
BOTTOM OF THE 3RD
Connecticut Huskies batting - Pitching for Michigan State Spartans : RHP Nick Blackburn
Batting: RHB Alberto Peña 0-0: Called Strike
0-1: Ball
1-1: Ball
2-1: Foul Ball, location: 2F
2-2: Ground out 1-3 (Groundball, 13S)
Batting: RHB Carlos Marino 0-0: Ball
1-0: Ground out 1-3 (Groundball, 23)
Batting: RHB Jeff Manley 0-0: Called Strike
0-1: Called Strike
0-2: Ball
1-2: Foul Ball, location: 2F
1-2: Ball
2-2: Foul Ball, location: 2F
2-2: Strikes out looking
Bottom of the 3rd over - 0 run(s), 0 hit(s), 0 error(s), 0 left on base; Michigan State 3 - Connecticut 0
TOP OF THE 4TH
Michigan State Spartans batting - Pitching for Connecticut Huskies : RHP Chris Chamberlain
Batting: LHB Raúl Casillán 0-0: Called Strike
0-1: SINGLE (Groundball, 4MD)
Batting: LHB Billy Anderson 0-0: Ball
1-0: Ball
2-0: Ball
3-0: Called Strike
3-1: Foul Ball, location: 2F
3-2: Foul Ball, location: 2F
3-2: Strikes out swinging
Raúl Casillán is caught stealing 2nd base
Batter strikes out.
Batting: SHB Joe Hanson 0-0: Ball
1-0: Ball
2-0: Ball
3-0: Called Strike
3-1: Called Strike
3-2: Ground out 4-3 (Groundball, 4)
Top of the 4th over - 0 run(s), 1 hit(s), 0 error(s), 0 left on base; Michigan State 3 - Connecticut 0
BOTTOM OF THE 4TH
Connecticut Huskies batting - Pitching for Michigan State Spartans : RHP Nick Blackburn
Batting: RHB Blair Whitehead 0-0: Ball
1-0: Ball
2-0: Called Strike
2-1: Foul Ball, location: 2F
2-2: Strikes out swinging
Batting: SHB Juan Román 0-0: Called Strike
0-1: Ball
1-1: SOLO HOME RUN (Flyball, 89XD), Distance : 367 ft
Batting: RHB Michael Skinner 0-0: Reached on error, E6 (Groundball, 6)
Batting: RHB Ric Henley 0-0: Ball
1-0: Ball
2-0: Ball
3-0: Called Strike
3-1: Base on Balls
Batting: RHB Rob Schmidt 0-0: Ball
1-0: Foul Ball, location: 2F
1-1: Ball
2-1: Foul Ball, location: 2F
2-2: Strikes out swinging
Batting: LHB Michael Myers 0-0: Ball
1-0: Called Strike
1-1: Fly out, F9 (Line Drive, 89M)
Bottom of the 4th over - 1 run(s), 1 hit(s), 1 error(s), 2 left on base; Michigan State 3 - Connecticut 1
TOP OF THE 5TH
Michigan State Spartans batting - Pitching for Connecticut Huskies : RHP Chris Chamberlain
Batting: RHB Juan García 0-0: Ball
1-0: Foul Ball, location: 2F
1-1: Swinging Strike
1-2: Strikes out swinging
Batting: RHB Donald Brampton 0-0: Fly out, F4 (Popup, 4)
Batting: RHB Jorge Carranza 0-0: Foul Ball, location: 2F
0-1: Ball
1-1: Foul Ball, location: 2F
1-2: Foul Ball, location: 2F
1-2: Ground out 5-3 (Groundball, 56)
Top of the 5th over - 0 run(s), 0 hit(s), 0 error(s), 0 left on base; Michigan State 3 - Connecticut 1
BOTTOM OF THE 5TH
Connecticut Huskies batting - Pitching for Michigan State Spartans : RHP Nick Blackburn
Batting: RHB Alberto Peña 0-0: Foul Ball, location: 2F
0-1: Ball
1-1: Ball
2-1: Ball
3-1: DOUBLE (Flyball, 8LM)
Batting: RHB Carlos Marino 0-0: Foul Ball, location: 2F
0-1: SINGLE (Line Drive, 9S)
Alberto Peña to third
Batting: RHB Jeff Manley 0-0: Ball
Carlos Marino steals 2nd base
1-0: Called Strike
1-1: Called Strike
1-2: Ball
2-2: Strikes out swinging
Batting: RHB Blair Whitehead 0-0: SINGLE (Groundball, 34S)
Alberto Peña scores
Carlos Marino to third
Runner from 3rd tries for Home, SAFE, throw made home
Batting: SHB Juan Román 0-0: Ball
1-0: Grounds into double play, 4-6-3 (Groundball, 4)
Bottom of the 5th over - 2 run(s), 3 hit(s), 0 error(s), 0 left on base; Michigan State 3 - Connecticut 3
TOP OF THE 6TH
Michigan State Spartans batting - Pitching for Connecticut Huskies : RHP Chris Chamberlain
Batting: RHB Mike Copeland 0-0: Ground out 5-3 (Groundball, 56)
Batting: LHB Troy Jackson 0-0: Ball
1-0: Called Strike
1-1: Ball
2-1: Foul Ball, location: 2F
2-2: Foul Ball, location: 2F
2-2: Foul Ball, location: 2F
2-2: Foul Ball, location: 2F
2-2: Ground out 1-3 (Groundball, 13S)
Batting: SHB Wayne Matthews 0-0: Ball
1-0: SINGLE (Groundball, 4MD)
Batting: LHB Raúl Casillán 0-0: Foul Ball, location: 2F
0-1: Foul Ball, location: 2F
0-2: Ball
1-2: Ball
Wayne Matthews steals 2nd base
2-2: Ball
3-2: Foul Ball, location: 2F
3-2: SINGLE (Line Drive, 3D)
Wayne Matthews to third
Wayne Matthews scores
Pitching: LHP Edgar Tillman
Batting: LHB Billy Anderson 0-0: Called Strike
0-1: Ball
1-1: Ball
2-1: Called Strike
2-2: Ball
3-2: Strikes out swinging
Top of the 6th over - 1 run(s), 2 hit(s), 0 error(s), 1 left on base; Michigan State 4 - Connecticut 3
BOTTOM OF THE 6TH
Connecticut Huskies batting - Pitching for Michigan State Spartans : RHP Nick Blackburn
Batting: RHB Michael Skinner 0-0: Ball
1-0: Ball
2-0: Swinging Strike
2-1: Fly out, F8 (Line Drive, 6MD)
Batting: RHB Ric Henley 0-0: Ball
1-0: Ball
2-0: Called Strike
2-1: Ball
3-1: DOUBLE (Flyball, 78XD)
Batting: RHB Rob Schmidt 0-0: Swinging Strike
0-1: SINGLE (Groundball, 6MD)
Ric Henley to third
Pitching: RHP Garry Pérez
Batting: LHB Michael Myers 0-0: Ball
1-0: Ball
2-0: Ball
3-0: Base on Balls
Rob Schmidt to second
Batting: RHB Alberto Peña 0-0: Ball
1-0: Called Strike
1-1: Ball
2-1: Foul Ball, location: 2F
2-2: Foul Ball, location: 2F
2-2: Ball
3-2: Fly out, F6 (Popup, 5)
Batting: RHB Carlos Marino 0-0: Ball
Passed Ball!
Ric Henley scores
Rob Schmidt to third
Michael Myers to second
1-0: Foul Ball, location: 2F
1-1: Called Strike
1-2: Strikes out swinging
Bottom of the 6th over - 1 run(s), 2 hit(s), 0 error(s), 2 left on base; Michigan State 4 - Connecticut 4
TOP OF THE 7TH
Michigan State Spartans batting - Pitching for Connecticut Huskies : LHP Edgar Tillman
Batting: SHB Joe Hanson 0-0: Ball
1-0: Ground out 5-3 (Groundball, 56)
Batting: RHB Juan García 0-0: Ball
1-0: Foul Ball, location: 2F
1-1: Foul Ball, location: 2F
1-2: Strikes out swinging
Batting: RHB Donald Brampton 0-0: Ball
1-0: Ball
2-0: Ball
3-0: Called Strike
3-1: Called Strike
3-2: Strikes out looking
Top of the 7th over - 0 run(s), 0 hit(s), 0 error(s), 0 left on base; Michigan State 4 - Connecticut 4
BOTTOM OF THE 7TH
Connecticut Huskies batting - Pitching for Michigan State Spartans : RHP Garry Pérez
Batting: RHB Jeff Manley 0-0: Called Strike
0-1: Swinging Strike
0-2: Strikes out swinging
Batting: RHB Blair Whitehead 0-0: SINGLE (Groundball, 56)
Batting: SHB Juan Román 0-0: Ball
1-0: Ball
2-0: Ball
3-0: Called Strike
3-1: Base on Balls
Blair Whitehead to second
Batting: RHB Michael Skinner 0-0: Called Strike
0-1: Foul Ball, location: 2F
0-2: Strikes out swinging
Batting: RHB Ric Henley 0-0: Ball
1-0: Foul Ball, location: 2F
1-1: Ball
2-1: Ball
3-1: Swinging Strike
3-2: Base on Balls
Blair Whitehead to third
Juan Román to second
Batting: RHB Rob Schmidt 0-0: Ball
1-0: Ball
2-0: Ball
3-0: Base on Balls
Blair Whitehead scores
Juan Román to third
Ric Henley to second
Batting: LHB Michael Myers 0-0: Ball
1-0: Foul Ball, location: 2F
1-1: Called Strike
1-2: Ball
2-2: Foul Ball, location: 2F
2-2: Strikes out swinging
Bottom of the 7th over - 1 run(s), 1 hit(s), 0 error(s), 3 left on base; Michigan State 4 - Connecticut 5
TOP OF THE 8TH
Michigan State Spartans batting - Pitching for Connecticut Huskies : LHP Edgar Tillman
Pitching: LHP Wilson Romero
Now at 2B: Gordon Brown
Batting: RHB Jorge Carranza 0-0: Ground out 5-3 (Groundball, 56)
Pitching: RHP Derek Barber
Batting: RHB Mike Copeland 0-0: Called Strike
0-1: SINGLE (Popup, 8RS)
Pitching: LHP Will Hines
Batting: LHB Troy Jackson 0-0: Ball
1-0: Fly out, F7 (Flyball, 8LM)
Batting: SHB Wayne Matthews 0-0: Ball
1-0: Ball
2-0: Called Strike
2-1: Ball
3-1: SINGLE (Groundball, 34D)
Mike Copeland to second
Runner from 2nd tries for 3rd, SAFE, throw made to third
Batting: LHB Raúl Casillán 0-0: Ball
1-0: Ball
2-0: Swinging Strike
2-1: Ball
3-1: Fly out, F2 (Popup, 2LF)
Top of the 8th over - 0 run(s), 2 hit(s), 0 error(s), 2 left on base; Michigan State 4 - Connecticut 5
BOTTOM OF THE 8TH
Connecticut Huskies batting - Pitching for Michigan State Spartans : RHP Garry Pérez
Batting: RHB Alberto Peña 0-0: Fly out, F9 (Flyball, 9M)
Pitching: RHP Jason Pennington
Batting: RHB Carlos Marino 0-0: Ball
1-0: Foul Ball, location: 2F
1-1: Ball
2-1: Ball
3-1: Fly out, F6 (Popup, 6M)
Batting: RHB Jeff Manley 0-0: Ball
1-0: TRIPLE (Line Drive, 8RM)
Batting: RHB Blair Whitehead 0-0: Foul Ball, location: 2F
0-1: Ground out 1-3 (Groundball, 15)
Bottom of the 8th over - 0 run(s), 1 hit(s), 0 error(s), 1 left on base; Michigan State 4 - Connecticut 5
TOP OF THE 9TH
Michigan State Spartans batting - Pitching for Connecticut Huskies : LHP Will Hines
Pitching: RHP Pat Singleton
Now at C: Enrique Rojas
Batting: LHB Billy Anderson 0-0: Ball
1-0: Foul Ball, location: 2F
1-1: SINGLE (Line Drive, 6MD)
Batting: SHB Joe Hanson 0-0: Ball
1-0: Called Strike
1-1: Called Strike
1-2: Strikes out looking
Batting: RHB Juan García 0-0: Foul Ball, location: 2F
0-1: Ball
1-1: SINGLE (Line Drive, 89S)
Billy Anderson to second
Batting: RHB Donald Brampton 0-0: Called Strike
0-1: Ball
1-1: Grounds into double play, U5-3 (Groundball, 5L)
Top of the 9th over - 0 run(s), 2 hit(s), 0 error(s), 1 left on base; Michigan State 4 - Connecticut 5
This league is powered by Out of the Park Baseball, the baseball management simulation game for PC, Mac and Linux
Wednesday, December 2nd, 2015 - OOTP Baseball 16.8 Build 38